[ PARTIDA AOE2 · #495286510 ]
UnrankedMaya vs Cumans
Equipo del jugador · VICT
Equipo rival · DERR
[ ANÁLISIS DE REPETICIÓN · EXTRAÍDO DE LA PARTIDA GRABADA ]
Feudal
10:44
Castillos
—
Imperial
—
| APM promedio | 38.3 |
| APM pico | 61 |
| eAPM promedio | 19.1 |
| Aldeanos / militares | 31 / 4 |
Foco
⚔️ 34.7% · 🌾 65.3%
Archer ×4
Feudal
11:02
Castillos
—
Imperial
—
| APM promedio | 53.6 |
| APM pico | 126 |
| eAPM promedio | 25.6 |
| Aldeanos / militares | 24 / 0 |
Foco
⚔️ 31.7% · 🌾 68.3%
Mapa de la partida
Recursos iniciales + cada clic de construcción. Líneas = muros · curvas = relieve. ◆ oro · ⬟ piedra · ● bayas · ✦ reliquia · ◌ hueco del cierre
Tu base· Abierta — hueco de 5t
Base de executable· Abierta — hueco de 3t
Terreno inicial suavizado · ◌ = hueco del cierre detectado · pasá el cursor para detalles
Inputs por minuto
— Müh.zuvery - - executable
Build order — Müh.zuvery
54 acciones detectadas en el replay
| 0:02 | Investigar | Loom |
| 0:03 | Construir | House |
| 0:06 | Construir | House |
| 0:13 | Crear | Villager (Male) ×3 |
| 1:37 | Crear | Villager (Male) |
| 1:38 | Crear | Villager (Male) |
| 1:56 | Crear | Villager (Male) |
| 1:57 | Crear | Villager (Male) |
| 2:52 | Crear | Villager (Male) |
| 3:14 | Crear | Villager (Male) |
| 3:19 | Crear | Villager (Male) |
| 3:24 | Construir | Lumber Camp |
| 3:58 | Crear | Villager (Male) |
| 4:19 | Construir | House |
| 4:35 | Crear | Villager (Male) |
| 4:35 | Crear | Villager (Male) |
| 5:33 | Crear | Villager (Male) |
| 5:34 | Crear | Villager (Male) |
| 5:34 | Crear | Villager (Male) |
| 5:59 | Crear | Villager (Male) |
| 6:00 | Crear | Villager (Male) |
| 6:25 | Construir | House |
| 6:28 | Crear | Villager (Male) |
| 7:36 | Construir | Mill |
| 7:37 | Crear | Villager (Male) |
| 8:09 | Crear | Villager (Male) |
| 8:29 | Investigar | Feudal Age |
| 8:29 | Investigar | Feudal Age |
| 9:15 | Construir | Barracks |
| 10:01 | Construir | Palisade Wall |
| 10:03 | Construir | Palisade Wall |
| 10:19 | Crear | Villager (Male) |
| 10:23 | Construir | House |
| 10:27 | Construir | Palisade Wall |
| 10:29 | Construir | Palisade Wall |
| 10:31 | Construir | Palisade Wall |
| 10:44 | Edad | Edad Feudal |
| 10:51 | Construir | Mining Camp |
| 10:53 | Crear | Villager (Male) |
| 11:21 | Construir | Archery Range |
| 11:23 | Crear | Villager (Male) |
| 11:51 | Crear | Villager (Male) |
| 11:53 | Investigar | Double-Bit Axe |
| 11:58 | Construir | Palisade Wall |
| 12:20 | Crear | Archer |
| 12:20 | Crear | Archer |
| 12:41 | Crear | Archer |
| 12:55 | Crear | Villager (Male) |
| 12:55 | Crear | Villager (Male) |
| 13:12 | Crear | Archer |
| 13:33 | Crear | Villager (Male) |
| 13:33 | Crear | Villager (Male) |
| 13:50 | Crear | Villager (Male) |
| 14:00 | Crear | Villager (Male) |
Build order — executable
43 acciones detectadas en el replay
| 0:01 | Crear | Villager (Male) |
| 0:02 | Crear | Villager (Male) |
| 0:02 | Construir | House |
| 0:04 | Construir | House |
| 0:09 | Investigar | Loom |
| 0:10 | Crear | Villager (Male) |
| 0:10 | Crear | Villager (Male) |
| 0:29 | Crear | Villager (Male) |
| 1:52 | Crear | Villager (Male) |
| 3:03 | Crear | Villager (Male) |
| 3:06 | Crear | Villager (Male) |
| 3:43 | Crear | Villager (Male) |
| 4:00 | Construir | Lumber Camp |
| 4:29 | Crear | Villager (Male) |
| 4:31 | Crear | Villager (Male) |
| 4:36 | Construir | House |
| 4:39 | Crear | Villager (Male) |
| 5:10 | Crear | Villager (Male) |
| 6:14 | Crear | Villager (Male) |
| 6:16 | Crear | Villager (Male) |
| 6:53 | Crear | Villager (Male) |
| 7:28 | Crear | Villager (Male) |
| 7:32 | Crear | Villager (Male) |
| 7:40 | Construir | Mining Camp |
| 8:05 | Construir | House |
| 8:27 | Crear | Villager (Male) |
| 8:38 | Investigar | Feudal Age |
| 10:14 | Construir | Palisade Wall |
| 10:16 | Construir | Palisade Wall |
| 10:26 | Construir | House |
| 10:32 | Construir | House |
| 11:00 | Crear | Villager (Male) |
| 11:02 | Edad | Edad Feudal |
| 11:02 | Crear | Villager (Male) |
| 11:04 | Investigar | Double-Bit Axe |
| 11:08 | Construir | Blacksmith |
| 11:15 | Crear | Villager (Male) |
| 11:59 | Construir | Town Center |
| 12:04 | Construir | Palisade Wall |
| 12:13 | Construir | Palisade Wall |
| 12:19 | Construir | Palisade Gate |
| 13:16 | Crear | Villager (Male) |
| 13:17 | Crear | Villager (Male) |
Cronología de la partida
| 9:15 | Müh.zuvery · first_building Barracks |
| 10:01 | Müh.zuvery · wall_segment Palisade Wall x1 |
| 10:03 | Müh.zuvery · wall_segment Palisade Wall x1 |
| 10:14 | executable · wall_segment Palisade Wall x1 |
| 10:16 | executable · wall_segment Palisade Wall x1 |
| 10:27 | Müh.zuvery · wall_segment Palisade Wall x1 |
| 10:29 | Müh.zuvery · wall_segment Palisade Wall x1 |
| 10:31 | Müh.zuvery · wall_segment Palisade Wall x1 |
| 10:44 | Müh.zuvery · age_up feudal |
| 11:02 | executable · age_up feudal |
| 11:21 | Müh.zuvery · first_building Archery Range |
| 11:58 | Müh.zuvery · wall_segment Palisade Wall x1 |
| 12:04 | executable · wall_segment Palisade Wall x1 |
| 12:13 | executable · wall_segment Palisade Wall x1 |
| 14:18 | executable · resign |
[ ANÁLISIS IA · 1 CRÉDITO ]
¿Qué pasó realmente en esta partida?
Wolo.gg analiza cada decisión: build order, eco, micro, errores típicos por bracket. Análisis personalizado por WhatsApp o Discord en 30 segundos.
Guía civ
Maya
Perfil
Müh.zuvery